 Dungeon Crawl Stone Soup version 0.21-a0-442-g848f44b (webtiles) character file.

530 slep the Cudgeler (level 7, 0/56 HPs)
             Began as a Minotaur Wanderer on Nov 16, 2017.
             Slain by a hound (3 damage)
             ... on level 5 of the Dungeon.
             The game lasted 00:23:09 (3998 turns).

slep the Cudgeler (Minotaur Wanderer)               Turns: 3998, Time: 00:23:10

Health: 0/56       AC:  4    Str: 16    XL:     7   Next: 3%
Magic:  9/9        EV: 12    Int: 10    God:
Gold:   73         SH:  0    Dex: 11    Spells: 9/10 levels left

rFire    . . .     SeeInvis .   l - +3 mace (crush)
rCold    . . .     Gourm    .   (no shield)
rNeg     + . .     Faith    .   h - +0 leather armour
rPois    .         Spirit   .   (helmet restricted)
rElec    .         Reflect  .   (no cloak)
rCorr    .         Harm     .   (no gloves)
MR       +....                  j - +0 pair of boots
Stlth    +.........             (no amulet)
HPRegen  0.18/turn              y - ring of positive energy
MPRegen  0.11/turn              C - ring of protection from magic

@: no status effects
A: retaliatory headbutt, horns 2
a: no special abilities


You were on level 5 of the Dungeon.
You were not hungry.

You visited 1 branch of the dungeon, and saw 5 of its levels.
You also visited: Sewer.

You collected 125 gold pieces.
You spent 52 gold pieces at shops.

Inventory:

Hand Weapons
 e - a +0 club
 l - a +3 mace of crushing (weapon)
 G - a +0 falchion
Missiles
 v - 6 tomahawks (quivered)
Armour
 d - a +0 robe
 h - a +0 leather armour (worn)
 j - a +0 pair of boots (worn)
Jewellery
 y - a ring of positive energy (left hand)
 C - a ring of protection from magic (right hand)
 E - a +3 ring of strength
Wands
 n - a wand of confusion (23/48)
 D - a wand of clouds (7/9)
Scrolls
 g - 4 scrolls of identify
 k - 5 scrolls of remove curse
 r - 6 scrolls of teleportation
Potions
 i - 2 potions of invisibility
 o - 2 potions of curing
 p - a potion of heal wounds {unknown}
 q - a potion of agility {unknown}
 s - a potion of mutation {unknown}
 u - 3 potions of flight {unknown}
 z - a potion of berserk rage {unknown}
 A - a potion of resistance {unknown}
Books
 b - Ifegupn's Reference Book on Translocation

   Spells                             Type                      Level
   a - Apportation                    Translocation                1
   b - Gell's Gravitas                Translocation                3
 c - the Volume of Shape Shifting

   Spells                             Type                      Level
   a - Beastly Appendage              Transmutation                1
   b - Spider Form                    Transmutation/Poison         3
Miscellaneous
 a - a phial of floods
Comestibles
 f - 6 bread rations
 m - 4 fruits
 t - 3 meat rations
 w - 2 royal jellies


   Skills:
 + Level 2.7 Fighting
 + Level 1.9 Long Blades
 + Level 5.0 Maces & Flails
 + Level 3.1 Armour
 + Level 3.0 Dodging
 + Level 1.7 Stealth
 + Level 2.0 Spellcasting
   Level 1.3 Conjurations
   Level 1.0 Necromancy
   Level 1.0 Transmutations
   Level 1.5 Earth Magic
 + Level 1.1 Evocations


You had 9 spell levels left.
You knew the following spells:

 Your Spells              Type           Power        Failure   Level  Hunger
a - Apportation           Tloc           #.....       36%         1    ##.....


Dungeon Overview and Level Annotations

Branches:
Dungeon (5/15)
 Temple: D:4-7

Altars:
Ashenzari
Cheibriados
Dithmenos
Gozag
Uskayaw

Shops:
D:4 }*!(%


Innate Abilities, Weirdness & Mutations

You reflexively headbutt those who attack you in melee.
You have a pair of horns on your head.


Message History

* * * LOW HITPOINT WARNING * * *
The hound misses you.
You miss the hound.
The hound is moderately wounded.
The hound barely misses you. You furiously retaliate!
You headbutt the hound. The hound bites you.
* * * LOW HITPOINT WARNING * * *
You barely miss the hound.
You headbutt the hound, but do no damage.
The hound is heavily wounded.
The hound barely misses you. The hound bites you but does no damage.
You barely miss the hound.
The hound is heavily wounded.
The hound closely misses you.
You miss the hound.
The hound is heavily wounded.
The hound bites you.
* * * LOW HITPOINT WARNING * * *
The hound bites you.
You die...

.# #..##.#..# .#
#.....#.. .. .#
.......... ... .#####.#
#.....# .... .......#
#.....#######....
....####
#....#...........
###.######.#.##.##.....#
#....†.......h##.....##.
######.###.#..@......<%.
#.# #.#.###!....#.. #.#
#.... ....?.# #.#
#.....#.#.###
................
#.###.....#.##### ###
#.....#.. ###.######


You could see a hound.

Vanquished Creatures
  An ogre (D:4)
  A crimson imp (D:5)
  A hound (D:4)
  Jessica (D:2)
  5 worker ants
  Robin (D:4)
  6 adders
  2 oozes (Sewer)
  An adder skeleton (D:4)
  3 worms
  4 dart slugs
  6 leopard geckos
  3 orcs
  14 bats
  6 giant cockroaches
  17 goblins
  13 hobgoblins
  13 jackals
  13 kobolds
  4 quokkas (D:4)
  3 ball pythons
  11 frilled lizards
  A jackal skeleton (D:4)
  4 rats (D:1)
134 creatures vanquished.

Notes
Turn   | Place    | Note
-------+----------+-------------------------------------------
     0 | D:1      | slep the Minotaur Wanderer began the quest for the Orb.
     0 | D:1      | slep set off with: a phial of floods, Ifegupn's Reference Book on Translocation, the Volume of Shape Shifting, a +0 robe, a +0 club, a bread ration
     0 | D:1      | Reached XP level 1. HP: 14/14 MP: 1/1
     2 | D:1      | Learned a level 1 spell: Apportation
    84 | D:1      | Reached skill level 1 in Maces & Flails
    84 | D:1      | Reached XP level 2. HP: 10/20 MP: 3/3
   491 | D:1      | Reached XP level 3. HP: 19/26 MP: 4/4
   598 | D:1      | Reached skill level 2 in Maces & Flails
   752 | D:1      | Reached skill level 1 in Armour
   800 | D:2      | Found a hide-covered altar of Uskayaw.
   802 | D:2      | Noticed a dagger
   802 | D:2      | Noticed a hand axe
   918 | D:2      | Reached skill level 1 in Dodging
  1231 | D:2      | Reached XP level 4. HP: 34/34 MP: 6/6
  1438 | D:2      | Found a shadowy altar of Dithmenos.
  1686 | D:2      | Found a shattered altar of Ashenzari.
  1686 | D:2      | Noticed Jessica
  1690 | D:2      | Killed Jessica
  1690 | D:2      | Reached skill level 1 in Fighting
  1830 | D:3      | Reached skill level 3 in Maces & Flails
  1830 | D:3      | Reached XP level 5. HP: 40/40 MP: 7/7
  2645 | D:4      | Found Xiuj's Distillery.
  2652 | D:4      | Noticed Robin
  2679 | D:4      | Reached skill level 4 in Maces & Flails
  2683 | D:4      | Killed Robin
  2945 | D:4      | Reached XP level 6. HP: 31/48 MP: 8/8
  2957 | D:4      | Bought a potion of degeneration for 13 gold pieces
  2957 | D:4      | Bought a potion of curing for 39 gold pieces
  2990 | D:4      | Found a glowing drain.
  2998 | Sewer    | Entered a sewer
  3299 | Sewer    | Identified the Volume of Shape Shifting
  3358 | D:4      | Found Ahiugrof's Food Emporium.
  3403 | D:4      | Found Ciereg's Antique Weapon Shoppe.
  3431 | D:4      | Found an opulent altar of Gozag.
  3691 | D:4      | Reached skill level 1 in Long Blades
  3720 | D:4      | Found Imecwaow's Gadget Emporium.
  3744 | D:4      | Found Wanoj's Assorted Antiques.
  3836 | D:4      | Found a snail-covered altar of Cheibriados.
  3880 | D:5      | Entered Level 5 of the Dungeon
  3907 | D:5      | Reached skill level 5 in Maces & Flails
  3991 | D:5      | Reached XP level 7. HP: 16/56 MP: 9/9
  3998 | D:5      | Slain by a hound

Vault maps used:
D:1:      tarquinn_simple_flora_water_f, minmay_surrounded
D:2:      dancing_weapons_uskayaw, evilmike_ruin_ashenzari,
          grunt_dithmenos_smoke, minmay_crystal_room, uniq_jessica
D:4:      overflow_temple_1_default, serial_shops, shop,
          nicolae_shop_competitors_out_of_business, kennysheep_mini_moat, shop,
          shop, first_bread, cheibrodos_sewer_entry_drain, cheibriados_altar_1,
          uniq_robin
D:5:      minmay_goblin_kobold_castle, old_standard_altar, enter_ossuary_3,
          uniq_blork_the_orc, uniq_duvessa, uniq_edmund
Sewer:    sewer_fruit_machine

Skill      XL: |  1  2  3  4  5  6 |
---------------+-------------------+-----
Maces & Flails | 1 2 3 4 5 |  5.0
Spellcasting   | 2 |  2.0
Armour         | 1 2 3 |  3.1
Dodging        | 1 2 3 |  3.0
Fighting       | 1 2 |  2.7
Long Blades    | 1 |  1.9
Stealth        | |  1.7
Conjurations   | |  1.3
Necromancy     | |  1.0
Transmutations | |  1.0
Earth Magic    | |  1.5
Evocations     | |  1.1

Action                   |  1- 3 |  4- 6 |  7- 9 || total
-------------------------+-------+-------+-------++-------
Melee: Club              |    28 |       |       ||    28
       Mace              |    70 |   148 |     7 ||   225
       Headbutt          |     6 |    17 |     2 ||    25
       Falchion          |       |    48 |       ||    48
  Use: Scroll            |       |     7 |       ||     7
 Stab: Sleeping          |       |     2 |       ||     2
  Eat: Chunk             |     1 |    10 |       ||    11
Armor: Leather armour    |    32 |    64 |     1 ||    97
       Robe              |     4 |       |       ||     4
Dodge: Dodged            |    77 |   135 |     5 ||   217
       Rpst.: Falchion   |       |    15 |       ||    15

Table legend:
 A = Spawn XP
 B = Non-spawn XP
 C = Spawn XP percentage of total XP
 D = Spawn monster count
 E = Non-spawn monster count
 F = Spawn count percentage of total count
 G = Total turns spent on level
                    A         B        C        D         E        F      G
               +---------+---------+-------+---------+---------+-------+---------
         Total |       0 |     758 |   0.0 |       0 |     134 |   0.0 |  3998
               +---------+---------+-------+---------+---------+-------+---------
           D:1 |       0 |      68 |   0.0 |       0 |      38 |   0.0 |   779
           D:2 |       0 |     123 |   0.0 |       0 |      21 |   0.0 |  1016
           D:3 |       0 |      45 |   0.0 |       0 |      19 |   0.0 |  1221
           D:4 |       0 |     355 |   0.0 |       0 |      33 |   0.0 |   508
           D:5 |       0 |     129 |   0.0 |       0 |       8 |   0.0 |   118
         Sewer |       0 |      38 |   0.0 |       0 |      15 |   0.0 |   356
               +---------+---------+-------+---------+---------+-------+---------
